 Dungeon Crawl Stone Soup version 0.25.1-2-g60ff931df9 (webtiles) character file.

Game seed: 11344236498484550813

7893 sankara the Cleaver (level 11, -1/86 HPs)
             Began as a Hill Orc Fighter on Nov 25, 2020.
             Was a High Priest of Zin.
             Slain by Erica
             ... wielding a +3 scimitar of flaming
              (2 damage)
             ... while paralysed by Erica
             ... on level 9 of the Dungeon.
             The game lasted 00:22:38 (8841 turns).

sankara the Cleaver (Hill Orc Fighter)              Turns: 8841, Time: 00:22:39

Health: -1/86      AC: 24    Str: 21    XL:     11   Next: 22%
Magic:  10/11      EV:  2    Int: 15    God:    Zin [*****.]
Gold:   192        SH:  0    Dex: 14    Spells: 10/10 levels left

rFire    . . .     SeeInvis .   k - +2 hand axe (elec)
rCold    . . .     Gourm    .   c - +0 kite shield
rNeg     . . .     Faith    .   s - +3 plate armour
rPois    ∞         Spirit   .   G - +0 helmet
rElec    .         Reflect  .   t - +0 cloak
rCorr    .         Harm     .   M - +0 pair of gloves
MR       .....                  o - +1 pair of boots {run}
Stlth    ..........             K - amulet of the acrobat
HPRegen  0.24/turn              (no ring)
MPRegen  0.12/turn              l - +6 ring of intelligence

@: paralysed, lethally poisoned (-1 -> -1), vitalised, slowed, quick
A: no striking features
a: Recite, Vitalisation, Imprison, Sanctuary, Donate Gold, Renounce Religion


You were on level 9 of the Dungeon.
You worshipped Zin.
Zin was extremely pleased with you.
You were not hungry.

You visited 1 branch of the dungeon, and saw 9 of its levels.

You collected 700 gold pieces.
You spent 438 gold pieces at shops.
You donated 70 gold pieces to Zin.

Inventory:

Hand Weapons
 a - a +0 war axe
 b - a +0 hunting sling
 k - a +2 hand axe of electrocution (weapon)
 B - a +1 whip of flaming
 N - a +0 hand crossbow
Missiles
 i - 263 stones (quivered)
 j - a throwing net
 x - 2 boomerangs
 y - 28 poisoned darts
 E - 2 boomerangs of dispersal
 I - 14 sling bullets
 P - 5 atropa-tipped darts
Armour
 c - a +0 kite shield (worn)
 o - a +1 pair of boots of running (worn)
 s - a +3 plate armour (worn)
 t - a +0 cloak (worn)
 G - a +0 helmet (worn)
 M - a +0 pair of gloves (worn)
 U - a +0 plate armour
Jewellery
 h - an uncursed ring of teleportation
 l - a +6 ring of intelligence (right hand)
 K - an amulet of the acrobat (around neck)
Wands
 F - a wand of paralysis (8)
 O - a wand of iceblast (6)
Scrolls
 e - a scroll of enchant weapon {unknown}
 g - 4 scrolls of teleportation
 n - 3 scrolls of fog
 r - 3 scrolls of magic mapping
 w - 2 scrolls of blinking
 z - 3 scrolls of noise {unknown}
 L - a scroll of remove curse
 Q - 2 scrolls of amnesia
 R - 2 scrolls of fear
 S - a scroll of enchant armour {unknown}
Potions
 d - a potion of might
 p - 5 potions of haste
 q - 4 potions of heal wounds
 u - 2 potions of lignification
 v - 6 potions of curing
 A - a potion of cancellation
 C - a potion of flight
 D - a potion of ambrosia {unknown}
 H - a potion of berserk rage {unknown}
 J - a potion of resistance {unknown}
 T - a potion of stabbing {unknown}
 V - a potion of invisibility {unknown}
Comestibles
 f - 22 rations
 m - 3 chunks of flesh


   Skills:
 - Level 5.0 Fighting
 - Level 14.0 Axes
 + Level 10.3 Armour
 + Level 10.3 Shields


You had 10 spell levels left.
You didn't know any spells.
Your spell library contained the following spells:

 Spells                   Type           Power        Failure   Level  Hunger
 Freeze                   Ice            #...         100%        1    ##.....
 Summon Small Mammal      Summ           #...         100%        1    ##.....
 Call Imp                 Summ           #.......     100%        2    ###....
 Call Canine Familiar     Summ           #.......     100%        3    ####...
 Frozen Ramparts          Ice            #.....       100%        3    ####...
 Ozocubu's Armour         Chrm/Ice       #.......     100%        3    ####...
 Summon Guardian Golem    Hex/Summ       #.......     100%        3    ####...
 Hailstorm                Conj/Ice       #.......     100%        4    #####..
 Summon Ice Beast         Ice/Summ       #.......     100%        4    #####..
 Summon Lightning Spire   Summ/Air       #.......     100%        4    #####..


Dungeon Overview and Level Annotations

Branches:
Dungeon (9/15)             Temple (0/1) D:5            Lair (0/6) D:9
    Orc: D:9-12

Altars:
Ashenzari
Cheibriados
Dithmenos
Elyvilon
Fedhas
Kikubaaqudgha
Ru
Trog
Uskayaw
Vehumet
Zin

Shops:
D:4 !   D:7 %   D:9 [

Annotations:
D:9 Erica


Message History

You hear some strange, mumbled words.
Something tries to affect you, but you resist.
You closely miss the killer bee.
The killer bee is heavily wounded.
You barely miss something. You block the killer bee's attack.
You hear a zap.
You suddenly lose the ability to move!
The killer bee stings you but does no damage. x2
You hear a zap.
Something tries to affect you, but you resist.
The killer bee stings you but does no damage.
The killer bee stings you.
* * * LOW HITPOINT WARNING * * *
You hear a zap.
You shrug off the repeated paralysis!
The now-empty wand crumbles to dust.
The killer bee stings you but does no damage. x2
Something hits you.
* * * LOW HITPOINT WARNING * * *
Something burns you.
You die...

### #.......# #.##
#.......# #..#
#####+##÷###### ##'###
+.........#.).# #....<
#........)#...# #.....
#..#####..')..########.....
+..#####..#####.....##.....
#.........#.%.#......'.....
#.....÷...@y.[#.######.....
#####'#####{$.#.# #.(...
#8≈≈≈≈≈≈≈8#.$.#.# #.....
#≈≈≈≈≈≈≈≈≈#.!.#.# #.....
#≈≈≈≈≈≈≈≈≈#>..#.# ######
#.(.......#####.#
#.........).....#
#################


You could see a killer bee.

Vanquished Creatures
  A two-headed ogre (D:8)
  The ghost of Frank the Martial Artist, a novice DsGl of Wu Jian (D:8)
  Pikel (D:4)
  3 trolls
  A hippogriff (D:8)
  A wyvern (D:8)
  3 hogs (D:7)
  A yak (D:7)
  A human (D:7)
  2 ice beasts
  2 sky beasts
  2 phantoms
  4 slaves (D:4)
  5 ogres
  4 orc warriors
  A centaur (D:8)
  A big kobold (D:8)
  Blork the orc (D:6)
  A gnoll sergeant (D:8)
  7 bullfrogs
  A wyvern skeleton (D:8)
  2 scorpions
  A water moccasin skeleton (D:8)
  16 killer bees
  4 wights (D:6)
  A howler monkey (D:6)
  2 crimson imps
  A centaur zombie (D:7)
  4 orc wizards
  A centaur skeleton (D:6)
  5 hounds
  A bullfrog skeleton (D:5)
  4 orc priests
  A gnoll shaman (D:6)
  A jelly (D:7)
  4 iguanas
  Natasha (thrice) (D:2)
  5 worker ants
  Terence (D:2)
  A hound zombie (D:8)
  A hound skeleton (D:4)
  Robin (D:2)
  17 gnolls
  14 adders
  A howler monkey skeleton (D:8)
  2 shadow imps
  4 oozes
  An adder zombie (D:5)
  5 worms
  3 dart slugs
  2 leopard geckos
  24 orcs
  2 ball pythons (D:2)
  A bat zombie (D:8)
  7 giant cockroaches
  18 goblins
  8 hobgoblins
  10 jackals
  5 quokkas
  7 bats
  6 frilled lizards
  10 kobolds
  A leopard gecko skeleton (D:8)
  A leopard gecko zombie (D:7)
  A quokka zombie (D:5)
  8 rats
  2 rat zombies (D:8)
264 creatures vanquished.

Vanquished Creatures (others)
  A quokka (D:7)
  A plant (D:3)
2 creatures vanquished.

Grand Total: 266 creatures vanquished

Notes
Turn   | Place    | Note
-------+----------+-------------------------------------------
     0 | D:1      | sankara the Hill Orc Fighter began the quest for the Orb.
     0 | D:1      | Reached XP level 1. HP: 19/19 MP: 1/1
   102 | D:1      | Reached skill level 3 in Axes
   296 | D:1      | Reached XP level 2. HP: 25/27 MP: 2/2
   595 | D:2      | Reached XP level 3. HP: 20/33 MP: 3/3
   870 | D:2      | Noticed Natasha
   886 | D:2      | Killed Natasha
   886 | D:2      | Reached skill level 4 in Axes
   886 | D:2      | Reached XP level 4. HP: 28/40 MP: 4/4
   894 | D:2      | Noticed Robin
   909 | D:2      | Killed Robin
   967 | D:2      | Noticed Natasha
   971 | D:2      | Killed Natasha
   971 | D:2      | Reached XP level 5. HP: 47/47 MP: 5/5
   982 | D:2      | Found a blossoming altar of Fedhas.
  1005 | D:2      | Noticed Natasha
  1015 | D:2      | Killed Natasha
  1190 | D:2      | Found a glowing silver altar of Zin.
  1203 | D:2      | Noticed Terence
  1209 | D:2      | Killed Terence
  1209 | D:2      | Reached skill level 5 in Axes
  1232 | D:2      | Became a worshipper of Zin the Law-Giver
  1232 | D:2      | Reached * piety under Zin
  1307 | D:2      | Found a snail-covered altar of Cheibriados.
  1737 | D:3      | Reached XP level 6. HP: 52/55 MP: 6/6
  1769 | D:3      | Found a hide-covered altar of Uskayaw.
  1948 | D:3      | Reached ** piety under Zin
  2156 | D:3      | Reached skill level 5 in Fighting
  2343 | D:3      | Found a faded altar of an unknown god.
  2540 | D:4      | Reached skill level 6 in Axes
  2588 | D:4      | Noticed a slave
  2588 | D:4      | Noticed a slave
  2589 | D:4      | Noticed a slave
  2590 | D:4      | Noticed Pikel
  2590 | D:4      | Noticed a slave
  2593 | D:4      | Killed a slave
  2596 | D:4      | Killed a slave
  2599 | D:4      | Killed a slave
  2601 | D:4      | Killed a slave
  2614 | D:4      | Killed Pikel
  2614 | D:4      | Reached skill level 7 in Axes
  2614 | D:4      | Reached skill level 5 in Armour
  2614 | D:4      | Reached skill level 5 in Shields
  2614 | D:4      | Reached XP level 7. HP: 30/61 MP: 7/7
  2818 | D:4      | Found a shadowy altar of Dithmenos.
  2847 | D:4      | Found Sirigrog's Distillery.
  2921 | D:4      | Reached skill level 8 in Axes
  2969 | D:4      | Reached XP level 8. HP: 28/68 MP: 8/8
  3165 | D:4      | Found a radiant altar of Vehumet.
  3673 | D:5      | Entered Level 5 of the Dungeon
  3708 | D:5      | Reached skill level 9 in Axes
  4015 | D:5      | Found a staircase to the Ecumenical Temple.
  4132 | D:5      | Found a bloodstained altar of Trog.
  4234 | D:5      | Reached *** piety under Zin
  4508 | D:6      | Reached skill level 10 in Axes
  4509 | D:6      | Reached XP level 9. HP: 66/74 MP: 9/9
  4572 | D:6      | Reached **** piety under Zin
  4674 | D:6      | Noticed Blork the orc
  4681 | D:6      | Killed Blork the orc
  5104 | D:6      | Reached skill level 11 in Axes
  5480 | D:7      | Reached skill level 12 in Axes
  5717 | D:7      | Found a white marble altar of Elyvilon.
  5805 | D:7      | Found Jiaptem's Food Shop.
  5815 | D:7      | Reached XP level 10. HP: 68/81 MP: 10/10
  5930 | D:7      | Found a shattered altar of Ashenzari.
  6306 | D:8      | Reached skill level 13 in Axes
  6501 | D:8      | Reached ***** piety under Zin
  6767 | D:8      | Found a runed translucent gate.
  6767 | D:8      | Found a runed translucent gate.
  6768 | D:8      | Found a runed translucent gate.
  6768 | D:8      | Noticed Frank's ghost (novice DsGl)
  7227 | D:8      | Found an ancient bone altar of Kikubaaqudgha.
  7370 | D:8      | Noticed a two-headed ogre
  7376 | D:8      | Killed a two-headed ogre
  7772 | D:8      | Reached skill level 14 in Axes
  7779 | D:8      | Killed Frank's ghost
  7786 | D:8      | Reached XP level 11. HP: 68/86 MP: 11/11
  8111 | D:9      | Reached skill level 10 in Armour
  8111 | D:9      | Reached skill level 10 in Shields
  8142 | D:9      | Found a staircase to the Lair.
  8190 | D:9      | Found a sacrificial altar of Ru.
  8386 | D:9      | Found Xechuw's Armour Shop.
  8401 | D:9      | Bought a +1 pair of boots of running for 438 gold pieces
  8801 | D:9      | Noticed Erica
  8814 | D:9      | Paralysed by something for 2 turns
  8822 | D:9      | Paralysed by something for 7 turns
  8838 | D:9      | Paralysed by something for 5 turns
  8841 | D:9      | HP: 1/86 [something (4)]
  8841 | D:9      | Slain by Erica

Illustrated notes

Levels and vault maps discovered:
D:1:      dpeg_arrival_stonehenge_8_columns, layout_rooms
D:2:      layout_loops_cross, zin_academy, cheibriados_altar_1,
          lemuel_crystal_altar, first_ration, minmay_tripent, uniq_robin,
          uniq_terence, uniq_natasha
D:3:      wad_woods_settlement, layout_basic, eat_drink_and_be_merry_uskayaw,
          chequers_ecumenical_altar_twisty
D:4:      layout_basic, nicolae_overflow_crystal_walls, serial_shops,
          nicolae_shop_competitors_out_of_business,
          grunt_dithmenos_smoke_and_mirrors, uniq_pikel
D:5:      layout_rooms, lemuel_coloured_pillars_altar,
          minmay_temple_entry_junction, corexii_hall_statues_deadend
D:6:      layout_basic, corner_web_ring, uniq_blork_the_orc
D:7:      layout_basic, overflow_temple_1_default, elyvilon_altar_4,
          serial_shops, nicolae_shop_behind_doors, grunt_livestock,
          lemuel_old_faithful
D:8:      layout_loops_corners, lemuel_zombie_altar_kikubaaqudgha,
          gammafunk_ghost_split
D:9:      layout_roguey, lemuel_doored_altar, dpeg_oklobed_lair, serial_shops,
          shop, evilmike_minifort, uniq_erica

Skill      XL: |  1  2  3  4  5  6  7  8  9 10 11 |
---------------+----------------------------------+-----
Axes           | 3 4 5 7 8 10 12 14 | 14.0
Fighting       | 4 5 |  5.0
Armour         | 4 5 6 8 9 10 | 10.3
Shields        | 4 5 6 8 9 10 | 10.3

Action                   |  1- 3 |  4- 6 |  7- 9 | 10-12 || total
-------------------------+-------+-------+-------+-------++-------
Melee: War axe           |    31 |       |       |       ||    31
       Hand axe          |    41 |   170 |   278 |   321 ||   810
Invok: Recite            |       |       |     3 |     4 ||     7
       Vitalisation      |       |       |       |     1 ||     1
  Use: Scroll            |     4 |     5 |       |     6 ||    15
       Potion            |       |       |       |     2 ||     2
 Stab: Confused          |       |       |     1 |     3 ||     4
       Invisible         |       |       |       |     5 ||     5
  Eat: Chunk             |       |     6 |    10 |     6 ||    22
       Ration            |       |       |       |     1 ||     1
Armor: Scale mail        |    30 |    18 |       |       ||    48
       Chain mail        |       |    70 |   126 |    74 ||   270
       Plate armour      |       |       |       |   108 ||   108
Dodge: Dodged            |    17 |    22 |    11 |    42 ||    92
Block: Kite shield       |    19 |    83 |   107 |   144 ||   353
